 BcadrenCrawl: Boulder Brew version 0.05.4-70-gb0a8e951fc (webtiles) character file.

Game seed: 1305347645579536575, levelgen mode: deterministic

17 petercordia the Unbeliever (level 2, -3/18 HPs) Lignifite Demonspawn. Began on June 8, 2022. Slain by a hobgoblin ... wielding a +0 club (9 damage) ... on level 1 of the Dungeon. The game lasted 00:03:09 (177 turns).

petercordia the Unbeliever (Lignifite Demonspawn)    Turns: 177, Time: 00:03:10

Health: -3/18      AC:  1    Str: 19    XL:     2 ^: 16
Magic:  5/5        EV: 17    Int: 13    God:
Gold:   47         SH:  1    Dex:  7    Spells: 2/3 levels left

rFire    . . .     Slash    .   a - +0 morningstar
rCold    . . .     Pierce   +   (weapon restricted)
rNeg     . . .     Bludgeon .   b - +0 robe
rCorr    . . .     Vision   .   (helmet restricted)
rPois    +         Gourm    .   (no cloak)
rElec    .         Faith    .   (gloves unavailable)
MR       .....     Spirit   .   (boots unavailable)
HPRegen  0.16/turn Reflect  .   (no amulet)
MPRegen  0.15/turn Harm     .   (no ring)
Stlth    ++........             (no ring)

@: very quick
A: very small, unfitting armour, branches (SH +, deformed body 1, speed 3,
poison resistance, slow metabolism 1, torment resistance, plant, rot immunity,
barkskin
a: no special abilities


You were on level 1 of the Dungeon.
You were not hungry.

You visited 1 branch of the dungeon, and saw 1 of its levels.

You collected 47 gold pieces.

Inventory:

Weapons
 a - a +0 morningstar (weapon)
Armour
 b - a +0 robe (worn)
Scrolls
 e - 2 scrolls of random uselessness
Comestibles
 c - 2 chunks of flesh
 d - a ration


   Skills:
 + Level 1.0 Fighting
 + Level 2.6 Maces & Staves
 + Level 2.8 Dodging
 + Level 1.9 Stealth
 + Level 1.1 Spellcasting
 + Level 1.8 Fire Magic
   Level 3.0 Invocations


You had 2 spell levels left.
You knew the following spells:

 Your Spells              Type           Power        Failure   Level  Hunger
a - Flame Tongue          Fire           5 (30)       13%         1    26-46

Your spell library contained the following spells:

 Spells                   Type           Power        Failure   Level  Hunger
 Slow Hex 0 (100) 28% 1 26-46 Blink Tloc N/A 38% 2 66-106 Call Imp Summ 0 (100) 38% 2 66-106 Conjure Flame Fire 5 (100) 36% 3 106-166 Mephitic Cloud Pois/Air       0 (100)      63%         3    106-166


Dungeon Overview and Level Annotations

Branches:
Dungeon (1/8)

Altars:


Innate Abilities, Weirdness & Mutations

You are very small and have problems with some larger weapons.
You are too small for most types of armour.
A tangle of shorter branches protects your body from attack. (SH +1)
Armour fits poorly on your strangely shaped body.
You cover ground extremely quickly.
Your system is resistant to poisons. (rPois)
You have a slow metabolism.
You are immune to unholy pain and torment.
You require very little carbon dioxide to survive.
You are immune to rotting.
Your bark is difficult to pierce. (rPiercing+)


Message History

The cinder newt bites you (1). You resist. The cinder newt burns you (3).
You sock the cinder newt (13)!
It is struck brutally!
You kill the cinder newt!
No target in view!
Found 2 gold pieces.
You see here a cinder newt corpse.
A hobgoblin comes into view.
The hobgoblin shouts!
Found a cursed ring of attention {(Curse: MR-)}.
A hobgoblin is nearby!
The hobgoblin hits you with a +0 club (9)!
Ouch! That really hurt!
You are too injured to fight recklessly!
You are too injured to fight recklessly!
You barely miss the hobgoblin. You hit the hobgoblin but do no damage.
The hobgoblin is healthy. (6/6) HP The hobgoblin hits you with a +0 club (9)!
Ouch! That really hurt!
You die...

.##..............#
.................+
#.#.......†......#
#.##'#+###.......#
#.##...# #.......####
...#######..........#
##. ...........$..#
.. ###...........# #.
#.......@...#
#........g.=#
#...........#
#...........#
#...........#
#...........#
#.#+#########


You could see a hobgoblin.

Vanquished Creatures
  A cinder newt (D:1)
  2 goblins (D:1)
  3 hobgoblins (D:1)
  3 bats (D:1)
  2 rats (D:1)
11 creatures vanquished.

Notes
Turn   | Place    | Note
-------+----------+-------------------------------------------
     0 | D:1      | petercordia the Lignifite Demonspawn began the quest for
                  | the Orb.
     0 | D:1      | Reached XP level 1. HP: 13/13 MP: 4/4
   109 | D:1      | Lost mutation: Your woody flesh burns easily. (rF-)
                  | [demonic ancestry]
   109 | D:1      | Reached XP level 2. HP: 17/18 MP: 5/5
   177 | D:1      | Slain by a hobgoblin

Levels and vault maps discovered:
D:1:      shiori_arrival_oz, layout_basic, minivault_25

Action                   || total
-------------------------++-------
Melee: Morningstar       ||    18
       Unarmed           ||     8
Armor: Robe              ||     1
Dodge: Dodged            ||     9
